 Dungeon Crawl Stone Soup version 0.28-a0-1555-g9ae15a6949 (webtiles) character file.

Game seed: 5727244653307541547

32 ytrimaz the Skirmisher (level 3, 0/29 HPs)
             Began as a Demonspawn Berserker on Jan 18, 2022.
             Was a Follower of Trog.
             Succumbed to an adder's poison
             ... on level 2 of the Dungeon.
             The game lasted 00:01:45 (1076 turns).

ytrimaz the Skirmisher (Demonspawn Berserker)       Turns: 1076, Time: 00:01:45

Health: 0/29       AC:  3    Str: 19    XL:     3   Next: 8%
Magic:  3/3        EV: 12    Int:  8    God:    Trog [*.....]
Gold:   0          SH:  0    Dex: 18    Spells: 2/2 levels left

rFire   . . .      SeeInvis .   a - +0 short sword
rCold   . . .      Faith    .   (no shield)
rNeg    . . .      Spirit   .   b - +1 animal skin
rPois   .          Reflect  .   (no helmet)
rElec   .          Harm     .   (no cloak)
rCorr   .          Rampage  .   (no gloves)
Will    .....                   (no boots)
Stlth   ++........              (no amulet)
HPRegen 0.09/turn               e - +6 ring of dexterity
MPRegen 0.08/turn               (no ring)

@: lethally poisoned (0 -> -4), on berserk cooldown, slowed, very slow
A: powered by pain 1
a: Renounce Religion, Berserk


You were on level 2 of the Dungeon.
You worshipped Trog.
Trog was aware of your devotion.
You visited 1 branch of the dungeon, and saw 2 of its levels.

You collected 72 gold pieces.
You spent 72 gold pieces at shops.

Inventory:

Hand Weapons
 a - a +0 short sword (weapon)
Armour
 b - a +1 animal skin (worn)
Jewellery
 e - a +6 ring of dexterity (left hand)
Scrolls
 c - a scroll of teleportation {unknown}
 d - a scroll of magic mapping
 i - a scroll of noise {unknown}
 j - a scroll of fog {unknown}
Potions
 f - a potion of curing {unknown}
 g - a potion of lignification {unknown}
 h - a potion of haste {unknown}


   Skills:
 + Level 3.3 Fighting
 + Level 3.1 Short Blades
 * Level 2.1 Armour
 * Level 2.2 Dodging


You had 2 spell levels left.
You didn't know any spells.
Your spell library was empty.

Dungeon Overview and Level Annotations

Branches:
Dungeon (2/15)

Altars:

Shops:
D:2 *


Innate Abilities, Weirdness & Mutations

You sometimes gain a little power by taking damage.


Message History

The adder is lightly wounded.
You feel sick. The adder completely misses you.
You hit the adder.
The adder is moderately wounded.
You feel sick. The adder misses you. The adder bites you.
* * * LOW HITPOINT WARNING * * *
Unknown command.
A red film seems to cover your vision as you go berserk!
You feel yourself moving faster!
You feel mighty!
You feel sick. The adder misses you.
You hit the adder.
The adder is almost dead.
You feel sick. The adder bites you.
* * * LOW HITPOINT WARNING * * *
You are lethally poisoned!
The adder poisons you!
You puncture the adder!
You kill the adder!
Trog accepts your kill.
* * * LOW HITPOINT WARNING * * *
You feel sick.
You have reached level 3!
Your experience leads to an increase in your attributes!
Your base attributes are Str 17, Int 8, Dex 12.
Increase (S)trength, (I)ntelligence, or (D)exterity?
You feel stronger. x2
A hobgoblin comes into view.
* * * LOW HITPOINT WARNING * * *
You feel sick.
The hobgoblin shouts!
You hear an angry hiss.
You feel a strong urge to attack something.
* * * LOW HITPOINT WARNING * * *
You feel sick.
* * * LOW HITPOINT WARNING * * *
You feel sick.
An adder comes into view.
You feel your anger nearly subside.
You are no longer berserk.
You are exhausted.
You feel yourself slow down.
You die...

*********###.....###...........>.
,^,,,,,,,...............<...#***,
********,........###......<## *,
,,,* *,,>......<.# ##.#...## *,
**,***,**#B#####.# #.##.##*****,
*,**,** *#.####.####......,,,,,,
*,,,,* #....∩...........#*****
*,,,,** *#.###..#.###.......,,,,
**,***,***,** ##@#..##.#.#.##****
,,,* *,,,,** #.#*.##.*,*,* ****
**,* *,********#..,..,,*,*,* *,,,
**,***,,,,,,,,,..##,#.,,,*,* *,**
,,,,,,,,,,,,***#.#,,,.#***,* *,*
**,,,,*****,,,,Sg.,,,,,,,,,* *,*
*****,* *****#..,,,,***,,* *,*
*,* #..,,,,,,,,,***,* *,*
*********,,,,,,,,,,,,*,**


You could see an adder and a hobgoblin.

Vanquished Creatures
  An adder (D:2)
  A worm (D:2)
  2 ball pythons (D:1)
  An endoplasm (D:1)
  A giant cockroach (D:1)
  2 goblins (D:1)
  A hobgoblin (D:1)
  3 jackals (D:1)
  A quokka (D:1)
  3 bats (D:1)
  A frilled lizard (D:1)
  2 rats (D:1)
19 creatures vanquished.

Notes
Turn   | Place    | Note
-------+----------+-------------------------------------------
     0 | D:1      | ytrimaz the Demonspawn Berserker began the quest for the
                  | Orb.
     0 | D:1      | Reached XP level 1. HP: 18/18 MP: 1/1
   312 | D:1      | Gained mutation: You sometimes gain a little power by
                  | taking damage. [demonic ancestry]
   312 | D:1      | Reached XP level 2. HP: 21/24 MP: 2/2
   849 | D:1      | Found a faded altar of an unknown god.
  1054 | D:2      | Found Eseg's Assorted Antiques.
  1060 | D:2      | Bought a scroll labelled LIKONAP BUIDIY for 24 gold pieces
  1060 | D:2      | Bought a scroll labelled USCHUL ENGIUSSE for 24 gold pieces
  1060 | D:2      | Bought a scroll labelled ZYOT FU ENUU for 24 gold pieces
  1073 | D:2      | Reached XP level 3. HP: 4/29 MP: 3/3
  1075 | D:2      | HP: 2/43 [poisoned by an adder]
  1076 | D:2      | Succumbed to an adder's poison

Illustrated notes

Levels and vault maps discovered:
D:1:      minmay_arrival_widening_spiral_narrow, layout_basic,
          shapermc_ecumenical_altar_venn
D:2:      layout_loops_ring, serial_shops, shop

Skill      XL: |  1  2 |
---------------+-------+-----
Dodging        | 2 |  2.2
Armour         | 2 |  2.1
Short Blades   | 3 |  3.1
Fighting       | |  3.3

Action                   || total
-------------------------++-------
Melee: Short sword       ||    68
       Punch             ||     3
Invok: Berserk           ||     2
  Use: Scroll            ||     2
 Stab: Sleeping          ||     2
Armor: Animal skin       ||    15
Dodge: Dodged            ||    51

Table legend: (Time is in decaauts)
 A = Elapsed time spent in this place.
 B = Non-inter-level travel time spent in this place.
 C = Inter-level travel time spent in this place.
 D = Time resting spent in this place.
 E = Time spent auto-exploring this place.
 F = Levels seen in this place.
 G = Mean time per level.
                   A        B        C        D        E       F      G
               +--------+--------+--------+--------+--------+-----+--------+
         Total |   1082 |   1082 |      0 |      0 |    913 |   2 |  541.0 |
       Dungeon |   1082 |   1082 |      0 |      0 |    913 |   2 |  541.0 |
               +--------+--------+--------+--------+--------+-----+--------+

Top non-repeatable levels by time:
     D:1: 1050 daAuts
     D:2: 31 daAuts
